 Dungeon Crawl Stone Soup version 0.31-a0-983-g7b6862f502 (webtiles) character file.

Game seed: 14033862182791218203

396 timneilson the Ruffian (level 6, -1/41 (42) HPs)
             Began as an Octopode Shapeshifter on Nov 2, 2023.
             Was an Initiate of Gozag.
             Slain by Eustachio
             ... wielding a +0 rapier
              (7 damage)
             ... on level 3 of the Dungeon.
             The game lasted 00:06:24 (2652 turns).

timneilson the Ruffian (Octopode Shapeshifter)      Turns: 2652, Time: 00:06:25

HP:   -1/41 (42)    AC:  1    Str: 15    XL:     6   Next: 82%
MP:   8/8           EV: 14    Int: 12    God:    Gozag
Gold: 290           SH:  0    Dex: 12    Spells: 8/8 levels left

rFire   . .          .
                       - Unarmed
rCold   . . .        (no shield)
rNeg    . . .        (helmet currently unavailable)
rPois   .            (no amulet)
rElec   .            (no ring)
rCorr   .            (no ring)
SInv    .            (no ring)
Will    .....        (no ring)
Stlth   +++          (no ring)
HPRegen 0.26/turn    (no ring)
MPRegen 0.11/turn    (no ring)
                     (no ring)

%: no passive effects
@: beast-form, gold aura, lightly drained
A: beast (slay +2), almost no armour, amphibious, 8 rings, camouflage 1,
gelatinous body 1, (nimble swimmer 1), tentacles
a: Begin Untransformation, Renounce Religion, Potion Petition, Call Merchant,
Bribe Branch


You were on level 3 of the Dungeon.
You worshipped Gozag.
Gozag was aware of your devotion.
You were a hulking beast.
You visited 1 branch of the dungeon, and saw 4 of its levels.

You collected 349 gold pieces.
You paid 59 gold pieces to Gozag.

Inventory:

Jewellery
 i - a ring of magical power
Talismans
 b - a beast talisman
 c - a flux talisman
Wands
 k - a wand of iceblast (6)
Scrolls
 d - a scroll of immolation
Potions
 a - a potion of might {unknown}
 e - a potion of ambrosia {unknown}
 f - a potion of brilliance {unknown}
 g - a potion of curing
 h - a potion of heal wounds {unknown}
 j - 2 potions of attraction {unknown}
 n - a potion of enlightenment {unknown}


   Skills:
 * Level 3.0 Fighting
 * Level 3.6 Dodging
 + Level 2.5 Stealth
 * Level 4.2 Unarmed Combat
 + Level 1.6 Spellcasting
 + Level 0.0 Evocations
 * Level 4.0 Shapeshifting


You had 8 spell levels left.
You didn't know any spells.
Your spell library contained the following spells:

 Spells                   Type           Power      Damage    Failure   Level
 Shock                    Conj/Air       4%         1d3       28%         1
 Hailstorm                Conj/Ice       1%         3d3       63%         3
 Swiftness                Air            1%         N/A       63%         3
 Airstrike                Air            0%         2d(1-17)  95%         4
 Summon Ice Beast         Ice/Summ       1%         N/A       95%         4
 Simulacrum               Ice/Necr       Unusable   N/A       N/A         6

Dungeon Overview and Level Annotations

Branches:
Dungeon (4/15)
 Temple: D:4-7

Altars:
Gozag

Annotations:
D:3 Eustachio


Innate Abilities, Weirdness & Mutations

You are a hulking beast.
Your limbs bulge with bestial killing power. (Slay +2)
You cannot wear most types of armour.
You are amphibious.
You can wear up to eight rings at the same time.
Your skin changes colour to match your surroundings (Stealth+).
Your rubbery body absorbs attacks. (AC +1, EV +1)
((You are camouflaged when in or above water. (Stealth+)))
You have tentacles for arms and can constrict up to eight enemies at once.


Message History

There is a stone staircase leading down here.
You climb downwards.
Level annotation: Eustachio The lemure closely misses you.
The endoplasm completely misses you.
Eustachio mumbles some strange words.
Eustachio blinks!
The bat closely misses you.
There is a stone staircase leading up here.
The bat completely misses you. The lemure hits you!
The endoplasm closely misses you. The lemure barely misses you.
Eustachio closely misses you.
You climb upwards.
The bat disappears in a puff of smoke!
There is a stone staircase leading down here.
You barely miss Eustachio. You grab Eustachio. Your squeeze misses Eustachio.
You constrict Eustachio, but do no damage.
Eustachio gestures wildly while chanting.
The lemure misses you. The endoplasm closely misses you.
The lemure closely misses you.
You bludgeon Eustachio!
Eustachio is lightly wounded.
You constrict Eustachio, but do no damage.
The bat closely misses you. The bat hits you but does no damage.
The lemure hits you. The endoplasm barely misses you.
Eustachio gestures wildly while chanting.
Eustachio struggles to blink free from constriction.
The lemure closely misses you.
You tentacle-slap the endoplasm.
The endoplasm is almost dead.
You constrict Eustachio. The bat misses you. The bat hits you.
The bat barely misses you. The lemure hits you!
The endoplasm hits you but does no damage.
Eustachio hits you with a +0 rapier! The lemure hits you!
* * * LOW HITPOINT WARNING * * *
You tentacle-slap the endoplasm.
You kill the endoplasm!
You constrict Eustachio.
The bat is distracted by your dazzling golden aura. x2
The lemure barely misses you. x2; Eustachio hits you with a +0 rapier!
You die...
Eustachio twirls his moustache.
Your body crumbles into a pile of gold.

.......#.# ##........# #
.......#.# ##.....#.#
.......#.#############.......#
.........#..............#########
≈≈≈§≈§≈................#<........
......≈................##########
≈≈≈≈≈.≈................# #
≈...≈.≈........@$......# #
≈._.≈.≈.........h5.....# #
≈...≈.≈.......bb5.....### #
≈.≈≈≈.≈.................## ##
......≈)..#############..# ##.
≈≈≈≈≈≈≈...# ##.## ##..
..........# #..####...
.##.......# ##..##...#
..........# ##.....## ######....#
##....#


You could see Eustachio, 2 lemures and 2 bats.

Vanquished Creatures
  Sigmund (D:3)
  A lemure (D:3)
  The ghost of lunkers the Insei, a weakling DgSh (D:3)
  Ijyb (D:3)
  2 orc wizards (D:3)
  2 adders (D:3)
  2 worms (D:2)
  4 dart slugs
  5 orcs (D:3)
  5 bats
  7 endoplasms
  2 giant cockroaches
  14 goblins
  6 hobgoblins
  8 jackals
  A quokka (D:3)
  5 ball pythons
  3 frilled lizards
  9 kobolds
  3 rats
82 creatures vanquished.

Notes
Turn   | Place    | Note
-------+----------+-------------------------------------------
     0 | D:1      | timneilson the Octopode Shapeshifter began the quest for
                  | the Orb.
     0 | D:1      | Reached XP level 1. HP: 13/13 MP: 1/1
   170 | D:1      | Reached XP level 2. HP: 10/18 MP: 2/2
   348 | D:1      | Reached XP level 3. HP: 22/23 MP: 3/3
  1085 | D:2      | Reached skill level 1 in Stealth
  1401 | D:3      | Found a runed translucent door.
  1401 | D:3      | Noticed lunkers's ghost (weakling DgSh)
  1433 | D:3      | Found a faded altar of an unknown god.
  1586 | D:3      | Reached XP level 4. HP: 26/29 MP: 5/5
  1600 | D:3      | Reached skill level 1 in Spellcasting
  1671 | D:3      | Reached XP level 5. HP: 24/34 MP: 6/6
  1816 | D:3      | Found an opulent altar of Gozag.
  1863 | D:3      | Became a worshipper of Gozag Ym Sagoz the Greedy
  2010 | D:3      | Noticed Sigmund
  2170 | D:3      | Killed lunkers's ghost
  2328 | D:3      | Noticed Ijyb
  2330 | D:3      | Killed Sigmund
  2331 | D:3      | Reached XP level 6. HP: 29/41 MP: 6/8
  2338 | D:3      | Killed Ijyb
  2542 | D:4      | Noticed Eustachio
  2652 | D:3      | Slain by Eustachio

Illustrated notes

Levels and vault maps discovered:
D:1:      dpeg_arrival_tiny_d, layout_loops_corners
D:2:      layout_basic, solitary_fountain
D:3:      kennysheep_goblin_castle, layout_basic,
          mainiacjoe_overflow_concentric_impassable,
          hellmonk_ecumenical_altar_crossroads, hellmonk_ghost_happy_afterlife,
          uniq_sigmund
D:4:      layout_cave_pools, vehumet_statue, minmay_temple_entry_gardened_gates,
          uniq_eustachio, uniq_pikel

Skill      XL: |  1  2  3  4  5  6 |
---------------+-------------------+-----
Stealth        | 1 2 |  2.5
Spellcasting   | 1 |  1.6
Fighting       | 2 3 |  3.0
Dodging        | 3 |  3.6
Unarmed Combat | 4 |  4.2
Shapeshifting  | 4 |  4.0

Action                     |  1- 3 |  4- 6 || total
---------------------------+-------+-------++-------
  Melee: Unarmed           |    78 |    85 ||   163
         Tentacles         |    22 |    16 ||    38
         Constrict         |    18 |    23 ||    41
         Punch             |     1 |     3 ||     4
    Use: Scroll            |     4 |     3 ||     7
         Potion            |       |     2 ||     2
   Stab: Sleeping          |     9 |     6 ||    15
 Armour: Skin              |    21 |    52 ||    73
  Dodge: Dodged            |    43 |    59 ||   102

Table legend: (Time is in decaauts)
 A = Elapsed time spent in this place.
 B = Non-inter-level travel time spent in this place.
 C = Inter-level travel time spent in this place.
 D = Time resting spent in this place.
 E = Time spent auto-exploring this place.
 F = Levels seen in this place.
 G = Mean time per level.
                   A        B        C        D        E       F      G
               +--------+--------+--------+--------+--------+-----+--------+
         Total |   2645 |   2483 |    162 |     88 |   1633 |   4 |  661.2 |
       Dungeon |   2645 |   2483 |    162 |     88 |   1633 |   4 |  661.2 |
               +--------+--------+--------+--------+--------+-----+--------+

Top non-repeatable levels by time:
     D:3: 1191 daAuts
     D:1: 950 daAuts
     D:2: 476 daAuts
     D:4: 27 daAuts
